 Dungeon Crawl Stone Soup version 0.22-a0-443-g17c3723 (webtiles) character file.

14213 4thArraOfDagon the Earth Mage (level 11, 63/99 HPs)
             Began as a Deep Dwarf Earth Elementalist on May 31, 2018.
             Was an Elder of Makhleb.
             Quit the game on level 8 of the Dungeon.
             The game lasted 00:27:38 (4228 turns).

4thArraOfDagon the Earth Mage (DDEE)                Turns: 4228, Time: 00:27:38

Health: 63/99      AC:  7    Str: 11    XL:     11   Next: 85%
Magic:  14/14      EV: 13    Int: 24    God:    Makhleb [****..]
Gold:   284        SH:  0    Dex: 13    Spells: 11/20 levels left

rFire    . . .     SeeInvis .   s - -3 war axe (curse)
rCold    . . .     Gourm    .   (no shield)
rNeg     . . .     Faith    .   q - +3 leather armour
rPois    .         Spirit   .   C - +0 helmet (curse)
rElec    .         Reflect  .   (no cloak)
rCorr    .         Harm     .   (no gloves)
MR       +....                  (no boots)
Stlth    ++........             (no amulet)
HPRegen  0.00/turn              u - ring of flight
MPRegen  0.14/turn              D - +4 ring of intelligence

@: non-regenerating
A: damage resistance, heal wounds, sense surroundings 2, no regeneration
a: Heal Wounds, Minor Destruction, Lesser Servant of Makhleb, Major Destruction,
Renounce Religion, Evoke Flight


You were on level 8 of the Dungeon.
You worshipped Makhleb.
Makhleb was greatly pleased with you.
You were not hungry.

You visited 2 branches of the dungeon, and saw 15 of its levels.

You collected 540 gold pieces.
You spent 256 gold pieces at shops.

Inventory:

Hand Weapons
 a - a +5 battleaxe
 i - a +0 flail
 m - a +0 spear of venom
 s - a cursed -3 war axe (weapon)
 x - a cursed -1 broad axe
 y - the +7 hand axe of Victory {drain, *Contam +Inv rC+ Int+7}
   (You bought it in a shop on level 10 of the Dungeon)

   A truly terrible weapon, it drains the life of those it strikes.
   It affects your intelligence (+7).
   It protects you from cold.
   It lets you turn invisible.
   It causes magical contamination when unequipped.
Missiles
 z - 4 throwing nets (quivered)
Armour
 c - a +1 robe
 o - a +0 ring mail
 p - the +2 cloak of Divine Compulsion {-Tele +Fly MR+}
   (You found it on level 11 of the Dungeon)

   It affects your resistance to hostile enchantments.
   It lets you fly.
   It prevents most forms of teleportation.
 q - a +3 leather armour (worn)
 A - a +0 cloak
 C - a cursed +0 helmet (worn)
Jewellery
 u - a ring of flight (left hand)
 B - an uncursed ring of ice
 D - a +4 ring of intelligence (right hand)
Wands
 l - a wand of disintegration (14)
 w - a wand of random effects (32)
 G - a wand of enslavement (9)
Scrolls
 g - 3 scrolls of blinking
 h - a scroll of magic mapping
 j - 5 scrolls of enchant weapon
 n - 3 scrolls of immolation
 t - 3 scrolls of amnesia
 E - 3 scrolls of identify
Potions
 e - 3 potions of curing
 f - 2 potions of resistance
 k - 3 potions of might
 v - a potion of flight
 H - a potion of invisibility
Comestibles
 d - 18 rations
 F - 6 chunks of flesh


   Skills:
 + Level 6.8 Fighting
 * Level 10.8 Axes
 + Level 4.0 Armour
 + Level 4.6 Dodging
 - Level 2.4 Stealth
 - Level 5.0 Spellcasting
 - Level 0.8 Transmutations
 - Level 15.2 Earth Magic
 + Level 4.9 Invocations


You had 11 spell levels left.
You knew the following spells:

 Your Spells              Type           Power        Failure   Level  Hunger
a - Sandblast             Erth           ######       1%          1    None
b - Lee's Rapid Deconstr  Erth           ######....   1%          5    #####..
c - Passwall              Tmut/Erth      #####...     1%          2    None
d - Apportation           Tloc           #.....       11%         1    None

Your spell library contained the following spells:

 Spells                   Type           Power        Failure   Level  Hunger
 Summon Small Mammal      Summ           #...         11%         1    None
 Animate Skeleton         Necr           N/A          11%         1    None
 Stone Arrow              Conj/Erth      #####.       1%          3    ##.....
 Confusing Touch          Hex            #.....       11%         1    None
 Petrify                  Tmut/Erth      #####...     4%          4    ####...


Dungeon Overview and Level Annotations

Branches:
Dungeon (14/15)            Temple (1/1) D:4
   Lair: D:8-11         Orc: D:9-12      Vaults: D:13-14

Altars:
Cheibriados
Dithmenos
Hepliaklqana
Kikubaaqudgha
Makhleb
Okawaru
Qazlal
Ru
Trog
Vehumet
Xom
Yredelemnul

Shops:
D:4 }   D:10 (   D:12 *

Annotations:
D:8 Gastronok


Innate Abilities, Weirdness & Mutations

You are resistant to damage.
You can heal yourself by infusing magical energy.
You passively map the area around you.
You do not regenerate.


Message History

The orc shouts!
The orc wizard shouts!
The orc priest invokes the aid of Beogh against you.
Beogh smites you!
Casting: Sandblast (safe; 1% risk of failure)
Confirm with . or Enter, or press ? or * to list all spells.
Aiming: Sandblast (safe; 1% risk of failure)
Press: ? - help, Shift-Dir - straight line, f - orc priest
Aim: an orc priest, wielding a club You don't have any stones to cast with.
Casting: Sandblast (safe; 1% risk of failure)
Confirm with . or Enter, or press ? or * to list all spells.
Aiming: Sandblast (safe; 1% risk of failure)
Press: ? - help, Shift-Dir - straight line, f/p - orc priest
Aim: an orc priest, wielding a club You don't have any stones to cast with.
Enter note: no lair
Enter note: no weapon
Enter note: bad turncount Unknown command.
Are you sure you want to abandon this character and quit the game? (Confirm with "yes".)

.......................# ,
#...
........................ ,
....#
.........................
#####*
........................ ,,*
..........................
**
..#........................
.##........................
, .
#........................ ,
* #...........>.@..........,
**#............(......o....
##............(..o.o....., ,
............(...(....o....
,,
,.....#....................
################..###.......
, ## ##..## #...... ,..
##.## ##....# #..#., ...
#....### ##.<...##
#..####..#


You could see an orc priest, 2 orc wizards and an orc.

Vanquished Creatures
  Harold (D:11)
  Fannar (D:10)
  A centaur warrior (D:14)
  3 two-headed ogres
  Maurice (D:9)
  Joseph (D:8)
  A gargoyle (D:5)
  3 kobold demonologists
  3 trolls
  4 hippogriffs
  A shadow (D:9)
  A yak (D:12)
  A wraith (D:10)
  2 wyverns
  3 hungry ghosts
  Grum (D:9)
  A soldier ant (D:14)
  An ice beast (D:10)
  A sky beast (D:9)
  An eye of draining (D:11)
  A phantom (D:4)
  3 orc warriors
  2 black bears
  A necrophage (D:12)
  4 centaurs
  7 ogres
  2 wolves (D:9)
  5 big kobolds
  8 bullfrogs
  A wyvern skeleton (D:7)
  2 scorpions
  9 killer bees
  8 wights
  3 electric eels
  A howler monkey (D:5)
  3 crimson imps
  A quasit (D:12)
  4 centaur zombies
  8 hounds
  2 jellies
  A bullfrog zombie (D:12)
  7 orc wizards
  5 orc priests
  3 bullfrog skeletons
  4 iguanas
  A centaur skeleton (D:11)
  8 worker ants
  2 hound zombies
  A hound skeleton (D:11)
  A gnoll (D:10)
  5 adders
  3 shadow imps
  A dart slug (D:2)
  3 leopard geckos
  21 orcs
  A ball python (D:5)
  3 giant cockroaches
  A goblin (D:2)
  18 jackals
  2 quokkas
  3 bats
  3 frilled lizards
  6 kobolds
  A quokka zombie (D:8)
  A rat (D:2)
  A fungus (D:9)
213 creatures vanquished.

Vanquished Creatures (others)
  A wyvern skeleton (D:10)
  A quokka (D:10)
2 creatures vanquished.

Grand Total: 215 creatures vanquished

Notes
Turn   | Place    | Note
-------+----------+-------------------------------------------
     0 | D:1      | 4thArraOfDagon the Deep Dwarf Earth Elementalist began the quest for the Orb.
     0 | D:1      | Reached XP level 1. HP: 15/15 MP: 3/3
   191 | D:2      | Reached XP level 2. HP: 16/22 MP: 0/5
   209 | D:2      | Noticed a sky beast
   226 | D:2      | Found a stormy altar of Qazlal.
   295 | D:3      | Found a shadowy altar of Dithmenos.
   345 | D:3      | Reached skill level 5 in Earth Magic
   463 | D:4      | Noticed a phantom
   474 | D:4      | Found a staircase to the Ecumenical Temple.
   484 | D:4      | Noticed an ogre
   492 | D:4      | Noticed an ogre
   531 | D:4      | Reached XP level 3. HP: 26/28 MP: 2/5
   533 | D:4      | Killed an ogre
   533 | D:4      | Reached skill level 6 in Earth Magic
   533 | D:4      | Reached XP level 4. HP: 14/36 MP: 3/7
   533 | D:4      | Killed an ogre
   533 | D:4      | Reached skill level 7 in Earth Magic
   533 | D:4      | Reached XP level 5. HP: 16/42 MP: 3/8
   550 | D:4      | Killed a phantom
   550 | D:4      | Reached XP level 6. HP: 14/49 MP: 1/10
   557 | D:4      | Learned a level 5 spell: Lee's Rapid Deconstruction
   566 | D:4      | Reached skill level 8 in Earth Magic
   590 | Temple   | Entered the Ecumenical Temple
   596 | Temple   | Became a worshipper of Makhleb the Destroyer
   629 | D:4      | Found Cufaskero's Gadget Emporium.
   672 | D:5      | Entered Level 5 of the Dungeon
   685 | D:5      | Noticed a gargoyle
   696 | D:5      | Found a bloodstained altar of Trog.
   715 | D:5      | Killed a gargoyle
   715 | D:5      | Reached skill level 9 in Earth Magic
   715 | D:5      | Reached XP level 7. HP: 44/55 MP: 0/11
   885 | D:5      | Reached skill level 10 in Earth Magic
  1052 | D:5      | Reached XP level 8. HP: 9/62 MP: 8/13
  1060 | D:4      | Reached skill level 5 in Spellcasting
  1224 | D:6      | Reached skill level 11 in Earth Magic
  1244 | D:6      | Reached * piety under Makhleb
  1247 | D:6      | Reached skill level 1 in Fighting
  1325 | D:6      | Found a bloodstained altar of Trog.
  1598 | D:7      | Learned a level 2 spell: Passwall
  1628 | D:7      | Reached skill level 1 in Axes
  1628 | D:7      | Reached skill level 12 in Earth Magic
  1751 | D:7      | Gained mutation: You passively map the area around you. [Deep Dwarf growth]
  1751 | D:7      | Reached XP level 9. HP: 31/74 MP: 7/14
  1815 | D:7      | Reached ** piety under Makhleb
  1872 | D:7      | Found an iron altar of Okawaru.
  2023 | D:8      | Noticed Gastronok
  2174 | D:8      | Noticed a two-headed ogre
  2186 | D:9      | Reached skill level 13 in Earth Magic
  2191 | D:9      | Found a basalt altar of Yredelemnul.
  2195 | D:9      | Found a sacrificial altar of Ru.
  2197 | D:9      | Found a bloodstained altar of Trog.
  2202 | D:9      | Found a snail-covered altar of Cheibriados.
  2231 | D:9      | Found a runed door.
  2239 | D:9      | Reached skill level 5 in Axes
  2422 | D:8      | Noticed a two-headed ogre
  2427 | D:8      | Killed a two-headed ogre
  2427 | D:8      | Reached skill level 14 in Earth Magic
  2427 | D:8      | Reached XP level 10. HP: 79/87 MP: 8/15
  2512 | D:9      | Noticed Grum
  2521 | D:9      | Killed Grum
  2587 | D:9      | Noticed Maurice
  2597 | D:9      | Killed Maurice
  2632 | D:9      | Reached skill level 5 in Fighting
  2708 | D:10     | Entered Level 10 of the Dungeon
  2708 | D:10     | Found Loyvog's Antique Weapon Shop.
  2708 | D:10     | Noticed Fannar
  2730 | D:10     | Noticed a two-headed ogre
  2737 | D:10     | Killed a two-headed ogre
  2738 | D:10     | Killed Fannar
  2738 | D:10     | Reached *** piety under Makhleb
  2738 | D:10     | Reached skill level 15 in Earth Magic
  2811 | D:10     | Bought a jewelled hand axe for 256 gold pieces
  2869 | D:10     | Found a burning altar of Makhleb.
  3019 | D:11     | Reached skill level 1 in Invocations
  3028 | D:11     | Got a distressingly furry cloak
  3039 | D:11     | Identified the +2 cloak of Divine Compulsion {-Tele +Fly MR+} (You found it on level 11 of the Dungeon)
  3081 | D:11     | Reached XP level 11. HP: 91/97 MP: 0/16
  3172 | D:11     | Noticed Harold
  3192 | D:11     | Killed Harold
  3192 | D:11     | Reached skill level 1 in Armour
  3255 | D:11     | Identified the +7 hand axe of Victory {drain, *Contam +Inv rC+ Int+7} (You bought it in a shop on level 10 of the Dungeon)
  3269 | D:11     | Noticed a sun demon
  3339 | D:11     | Learned a level 1 spell: Apportation
  3371 | D:13     | Noticed a deep elf mage
  3431 | D:14     | Noticed a centaur warrior
  3459 | D:14     | Killed a centaur warrior
  3459 | D:14     | Reached skill level 10 in Axes
  3481 | D:14     | no weapon
  3516 | D:13     | Reached **** piety under Makhleb
  3597 | D:13     | Noticed a centaur warrior
  3608 | D:13     | Noticed a vault guard
  3640 | D:12     | Noticed a two-headed ogre
  3719 | D:12     | Found Deiverou's Elemental Accessories.
  4048 | D:8      | Killed a two-headed ogre
  4100 | D:8      | Got a heavily jewelled robe
  4118 | D:8      | Noticed Joseph
  4149 | D:8      | Killed Joseph
  4195 | D:8      | Identified the +2 robe of Qicye {rPois rN+ Str+6 Int-4} (You found it on level 8 of the Dungeon)
  4228 | D:8      | no lair
  4228 | D:8      | no weapon
  4228 | D:8      | bad turncount
  4228 | D:8      | Quit the game

Vault maps used:
D:1:      lightli_arrival_statue_moat
D:2:      minmay_diamond_boxcup, grunt_qazlal_clouds, minmay_tromino_i2,
          uniq_robin
D:3:      first_ration, grunt_dithmenos_smoke_and_mirrors
D:4:      temple_statues, serial_shops, shop
D:5:      basic_altar, hangedman_decor_peaks_small
D:6:      basic_altar, uniq_pikel
D:7:      lemuel_round_altar, the_bakery, nrook_pool_corridor
D:8:      uniq_joseph, uniq_gastronok
D:9:      dragon1_lemuel, gammafunk_temple_overflow_forgotten,
          overflow_temple_1_default, david_lair_shrubbed, serial_shops,
          kennysheep_mini, hex_tiny, hex_large, minivault_4,
          minmay_gold_behind_fungi, minmay_st_funbox, uniq_grum, uniq_maurice
D:10:     basic_altar, serial_shops, nicolae_shop_waterfront,
          lemuel_flame_loot_1, uniq_fannar
D:11:     uniq_harold
D:12:     david_orc_5, serial_shops, nicolae_shop_stone, nicolae_elemental_shop,
          uniq_rupert
D:13:     grunt_vaults_entry_fortified, kennysheep_opposing_triangles,
          uniq_sonja
D:14:     minmay_spiral_squares, uniq_louise, uniq_kirke
Temple:   eino_temple_rhombus

Skill      XL: |  1  2  3  4  5  6  7  8  9 10 11 |
---------------+----------------------------------+-----
Spellcasting   | 2 3 4 5 |  5.0
Earth Magic    | 5 6 7 9 10 12 14 15 | 15.2
Fighting       | 2 4 5 6 |  6.8
Axes           | 2 6 9 10 | 10.8
Invocations    | 1 4 |  4.9
Armour         | 4 |  4.0
Dodging        | 4 |  4.6
Stealth        | |  2.4
Transmutations | |  0.8

Action                   |  1- 3 |  4- 6 |  7- 9 | 10-12 || total
-------------------------+-------+-------+-------+-------++-------
Melee: Unarmed           |    45 |    13 |       |       ||    58
       Flail             |       |       |    33 |       ||    33
       Spear             |       |       |    35 |       ||    35
       War axe           |       |       |    31 |   176 ||   207
 Cast: Sandblast         |    17 |    11 |    69 |   122 ||   219
       Lee's Rapid Decon |       |     1 |    10 |    16 ||    27
 Abil: Heal Wounds       |     1 |     2 |     3 |     5 ||    11
Evoke: Wand              |     2 |     2 |     2 |    23 ||    29
  Use: Scroll            |     6 |       |    10 |     8 ||    24
       Potion            |     4 |       |     3 |     3 ||    10
 Stab: Sleeping          |       |       |       |     1 ||     1
  Eat: Chunk             |       |       |    11 |    12 ||    23
Armor: Robe              |    31 |     5 |    11 |       ||    47
       Skin              |     3 |    13 |       |    19 ||    35
       Leather armour    |       |       |    26 |   106 ||   132
Dodge: Dodged            |    77 |     9 |    91 |   188 ||   365

Table legend:
 A = Spawn XP
 B = Non-spawn XP
 C = Spawn XP percentage of total XP
 D = Spawn monster count
 E = Non-spawn monster count
 F = Spawn count percentage of total count
 G = Total turns spent on level
                    A         B        C        D         E        F      G
               +---------+---------+-------+---------+---------+-------+---------
         Total |       0 |   20305 |   0.0 |       0 |     212 |   0.0 |  4228
               +---------+---------+-------+---------+---------+-------+---------
           D:1 |       0 |       1 |   0.0 |       0 |       1 |   0.0 |   115
           D:2 |       0 |      14 |   0.0 |       0 |       8 |   0.0 |   120
           D:3 |       0 |      19 |   0.0 |       0 |       4 |   0.0 |   155
           D:4 |       0 |     569 |   0.0 |       0 |      14 |   0.0 |   368
           D:5 |       0 |    1044 |   0.0 |       0 |      25 |   0.0 |   460
           D:6 |       0 |     574 |   0.0 |       0 |      16 |   0.0 |   339
           D:7 |       0 |     883 |   0.0 |       0 |      16 |   0.0 |   401
           D:8 |       0 |    3410 |   0.0 |       0 |      22 |   0.0 |   417
           D:9 |       0 |    3297 |   0.0 |       0 |      30 |   0.0 |   518
          D:10 |       0 |    2883 |   0.0 |       0 |      22 |   0.0 |   369
          D:11 |       0 |    3876 |   0.0 |       0 |      27 |   0.0 |   471
          D:12 |       0 |    1182 |   0.0 |       0 |      14 |   0.0 |   223
          D:13 |       0 |     356 |   0.0 |       0 |       6 |   0.0 |   139
          D:14 |       0 |    2197 |   0.0 |       0 |       7 |   0.0 |   120
               +---------+---------+-------+---------+---------+-------+---------
